 Dungeon Crawl Stone Soup version 0.19-a0-1189-g9dc3488 (webtiles) character file.

9878 MackTheKnife the Bludgeoner (level 11, -5/110 HPs)
             Began as an Ogre Hunter on Aug 19, 2016.
             Was an Elder of Hepliaklqana.
             Slain by an orc knight
             ... wielding a +0 glaive
              (17 damage)
             ... in a bailey on Aug 20, 2016.
             The game lasted 01:02:06 (13990 turns).

MackTheKnife the Bludgeoner (Ogre Hunter)          Turns: 13990, Time: 01:02:06

Health: -5/110     AC:  7    Str: 17    XL:     11   Next: 53%
Magic:  11/11      EV: 12    Int: 10    God:    Hepliaklqana [****..]
Gold:   366        SH:  0    Dex: 13    Spells: 0 memorised, 10 levels left

rFire  + . .     SeeInvis .     a - +3 giant spiked club
rCold  + . .     Gourm    .     d - +0 robe
rNeg   . . .     Faith    .     (shield currently unavailable)
rPois  .         Spirit   .     (helmet restricted)
rElec  .         Dismiss  .     s - +0 cloak
rCorr  .         Reflect  .     (gloves unavailable)
MR     +....     Harm     .     (boots unavailable)
Stlth  +.........               u - amulet of rage {+Rage, !d}
                                q - +4 ring of protection
                                t - ring of protection from cold {rC+, !d}

@: very slightly contaminated
A: unfitting armour, deformed body, fire resistance 1, tough skin 1, weak 1
a: Recall Ancestor, Ancestor Identity, Transference, Idealise, Renounce
Religion, Evoke Berserk Rage


You were in a bailey.
You worshipped Hepliaklqana.
Hepliaklqana was greatly pleased with you.
You were not hungry.

You visited 4 branches of the dungeon, and saw 14 of its levels.
You also visited: Bailey.

You collected 938 gold pieces.
You spent 572 gold pieces at shops.

Inventory:

Hand Weapons
 a - a +3 giant spiked club (weapon)
   (You took it off an ogre on level 6 of the Dungeon)
 b - a +2 whip of draining
   (You took it off a gnoll on level 8 of the Dungeon)
Armour
 d - a +0 robe (worn)
 s - a +0 cloak (worn)
   (You found it on level 2 of the Dungeon)
Jewellery
 q - a +4 ring of protection (right hand)
   (You bought it in a shop on level 7 of the Dungeon)
 t - a ring of protection from cold (left hand) {rC+, !d}
   (You found it on level 3 of the Dungeon)
 u - an amulet of rage (around neck) {+Rage, !d}
   (You found it on level 2 of the Dungeon)
Wands
 c - a wand of polymorph (7/24)
   (You found it on level 7 of the Dungeon)
 h - a wand of lightning (0/15)
   (You bought it in a shop on level 5 of the Dungeon)
 p - a wand of confusion (18/48)
   (You found it on level 7 of the Dungeon)
 x - a wand of iceblast (0/15)
   (You found it on level 8 of the Dungeon)
 C - a wand of digging (18/24)
   (You found it on level 9 of the Dungeon)
Scrolls
 i - a scroll of blinking {!r}
 y - 9 scrolls of remove curse
 B - a scroll of immolation {!r}
 D - a scroll of noise {unknown}
 E - a scroll of acquirement {unknown}
 F - a scroll of fear {unknown}
 I - a scroll of summoning {unknown}
Potions
 e - 9 potions of curing
 l - 4 potions of brilliance
 o - 3 potions of heal wounds
 r - 3 potions of might
 v - a potion of experience {unknown}
 z - a potion of berserk rage {!q}
 A - a potion of ambrosia
 K - 3 potions of haste {unknown}
Books
 k - a book of Fire
   (You found it on level 5 of the Dungeon)
 J - a book of Ice
   (You found it on level 10 of the Dungeon)
Comestibles
 f - 11 bread rations {@e1}
 g - 2 beef jerkies
 j - 2 fruits
 n - a royal jelly
 w - 5 meat rations {@e2}
 G - a slice of pizza


   Skills:
 + Level 11.9 Fighting
 - Level 17.3 Maces & Flails
 - Level 4.6 Throwing
 + Level 4.4 Dodging
 - Level 0.7 Stealth


You had 10 spell levels left.
You didn't know any spells.

Dungeon Overview and Level Annotations

Branches:
Dungeon (11/15)            Temple (1/1) D:5            Lair (1/6) D:9
    Orc (1/2) D:10

Altars:
Ashenzari
Cheibriados
Dithmenos
Elyvilon
Fedhas
Gozag
Hepliaklqana
Kikubaaqudgha
Makhleb
Nemelex Xobeh
Okawaru
Qazlal
Ru
Sif Muna
Trog
Uskayaw
Vehumet
Xom
Yredelemnul
Zin
The Shining One
Beogh

Shops:
D:5 }   D:7 =   D:9 =

Annotations:
D:3 FIQ's ghost, amateur TrMo
D:4 Crazy Yiuf
D:8 exclusion: downstairs
D:9 exclusion: electric eel
D:11 exclusion: cyclops
Lair:1 xvga's ghost, journeyman TeCj


Innate Abilities, Weirdness & Mutations

You are too large for most types of armour.
You have tough skin. (AC +1)
Armour fits poorly on your strangely shaped body.
Your flesh is heat resistant. (rF+)
You are weak. (Str -2)


Message History

Okay, then.
Aim: an orc knight, wielding a halberd and wearing a chain mail (severely wounded, inner flame, chance to defeat MR: 28%)
Okay, then.
Unknown command.
Okay, then.
Unknown command.
Okay, then.
You see here a war axe.
Things that are here:
a halberd; an orc skeleton
There is an open door, spattered with blood here.
Items here: )) [[ ÷÷ a glaive; a scale mail; a bardiche; a scale mail; an orc skeleton x2
The orc knight roars a battlecry!
There is an open door here.
Unknown command.
The orc knight's inner flame fades away.
You close the door.
An orc knight opens the door.
You close the door.
An orc knight opens the door.
The orc knight roars a battlecry!
You close the door.
An orc knight opens the door.
Things that are here:
a halberd; a plate armour The orc warrior no longer looks unusually strong.
The orc knight roars a battlecry!
The orc warrior goes into a battle-frenzy!
As you read the scroll of teleportation, it crumbles to dust.
You feel strangely unstable.
The orc knight hits you from afar with a halberd!!
You take 19 damage, and have 70/110 hp.
Unknown command.
The orc knight roars a battlecry!
The orc warrior goes into a battle-frenzy!
There is a gate leading back out of this place here.
Unknown command.
Your surroundings suddenly seem different.
The orc hits you from afar with a halberd!
You take 16 damage, and have 55/110 hp.
The orc barely misses you.
The orc warrior hits you from afar with a spear!
The orc barely misses you.
You take 14 damage, and have 41/110 hp.
Unknown command.
You impale the orc!!
You kill the orc!
The orc hits you with a trident.
The orc warrior hits you from afar with a spear!!
* * * LOW HITPOINT WARNING * * *
The orc warrior barely misses you.
You take 20 damage, and have 21/110 hp.
The orc hits you but does no damage.
There is an open door, spattered with blood here.
Things that are here:
a halberd; an orc corpse The orc no longer looks unusually strong.
The orc knight jeers loudly.
The orc knight roars a battlecry!
The orc goes into a battle-frenzy!
There is an open door, spattered with blood here.
Items here: )) [[ ÷÷ a glaive; a scale mail; a bardiche; a scale mail; an orc skeleton x2
The orc warrior no longer looks unusually strong.
Things that are here:
a halberd; an orc skeleton The orc knight roars a battlecry!
The orc warrior goes into a battle-frenzy!
You see here a war axe.
The orc knight roars a battlecry!
There is an open gate here.
You see here a hand axe.
The orc no longer looks unusually strong.
The orc knight roars a battlecry!
The orc goes into a battle-frenzy!
There is an open gate, spattered with blood here.
An orc knight comes into view. It is wielding a glaive.
Things that are here:
a halberd; a ring mail Unknown command.
The orc knight shouts!
Unknown command.
You see here a halberd.
Unknown command.
The orc knight closely misses you.
Unknown command.
Really read
i - 2 scrolls of blinking {!r}?
Blink to where?
You are very lightly contaminated with residual magic.
As you read the scroll of blinking {!r}, it crumbles to dust. 2 orc knights come into view.
Sphara emerges from the mists of memory!
The orc knight shouts!
The orc knight hits you but does no damage.
Okay, then.
Okay, then.
The orc knight hits you from afar with a trident!
* * * LOW HITPOINT WARNING * * *
You take 16 damage, and have 12/110 hp.
Unknown command.
The orc knight hits you from afar with a glaive!
You die...

#..???..#
#..??...#
#....o..#
#.......#
#.......#
#...o...#
#...R...#
#.......#
##.@...##
#'''''#
##...o.##
#.......#
#...)...#
#%%.o...#
#...))%.#
#....o..#
##).)..##


You could see the friendly Sphara the battlemage, 3 orc knights, an orc warrior
and an orc.

Vanquished Creatures
  An orc knight (Bailey)
  A centaur zombie (D:11)
  A gargoyle (D:11)
  The ghost of CInkIbrahim the Poker, a novice OpGl (D:4)
  A komodo dragon (D:9)
  A troll (D:8)
  The ghost of CInkIbrahim the Poker, an amateur OpGl (D:5)
  A spriggan (D:9)
  A wyvern (D:11)
  A vampire (D:11)
  3 yaks
  A hippogriff (D:8)
  Edmund (D:4)
  A water moccasin (D:5)
  3 sky beasts
  5 orc warriors
  3 ogres
  2 phantoms
  2 ice beasts
  A necrophage (D:8)
  3 centaurs
  5 giant frogs
  3 scorpions
  4 wights (D:10)
  4 howler monkeys
  5 crimson imps
  3 hounds
  A quasit (D:7)
  2 giant frog zombies
  7 orc wizards
  A jelly (D:8)
  3 orc priests
  Jessica (D:3)
  3 iguanas
  A battlemage (Bailey)
  Natasha (thrice) (D:4)
  4 worker ants
  A killer bee zombie (D:6)
  A howler monkey zombie (D:11)
  9 gnolls
  8 adders
  3 shadow imps
  2 oozes (D:1)
  An adder zombie (D:9)
  An adder skeleton (D:5)
  5 worms
  5 dart slugs
  5 giant geckos
  47 orcs
  3 ball pythons
  12 bats
  7 giant cockroaches
  8 goblins
  4 hobgoblins
  16 jackals
  5 quokkas
  4 giant newts
  7 kobolds
  6 rats
245 creatures vanquished.

Vanquished Creatures (collateral kills)
  Erica (D:8)
  Psyche (D:8)
  Joseph (D:9)
  4 yaks (D:10)
  5 orc warriors
  An ogre (Orc:1)
  A centaur (D:9)
  A giant frog (D:8)
  A scorpion (D:11)
  A crimson imp (D:8)
  A jelly (D:11)
  3 orc priests
  A hound (D:11)
  3 orc wizards
  A worker ant (D:9)
  2 gnolls
  An adder (D:10)
  16 orcs
  A goblin (D:11)
  3 jackals (D:10)
49 creatures vanquished.

Vanquished Creatures (others)
  An ancestor (D:9)
  2 battlemagi
  An orc (D:9)
  3 fungi (D:6)
  2 plants (D:9)
9 creatures vanquished.

Grand Total: 303 creatures vanquished

Notes
Turn   | Place    | Note
-------+----------+-------------------------------------------
     0 | D:1      | MackTheKnife the Ogre Hunter began the quest for the Orb.
     0 | D:1      | Reached XP level 1. HP: 22/22 MP: 1/1
    30 | D:1      | Reached skill level 3 in Fighting
    42 | D:1      | Reached XP level 2. HP: 25/31 MP: 2/2
   145 | D:1      | Reached skill level 1 in Maces & Flails
   621 | D:1      | Reached XP level 3. HP: 37/37 MP: 3/3
   820 | D:1      | Reached skill level 2 in Maces & Flails
  1127 | D:2      | Reached XP level 4. HP: 34/48 MP: 4/4
  1651 | D:2      | Reached skill level 3 in Maces & Flails
  1901 | D:3      | Reached skill level 4 in Fighting
  1903 | D:3      | Noticed FIQ's ghost (amateur TrMo)
  1993 | D:3      | Noticed Jessica
  1999 | D:3      | Killed Jessica
  1999 | D:3      | Reached XP level 5. HP: 39/55 MP: 5/5
  2032 | D:3      | Reached skill level 4 in Maces & Flails
  3265 | D:4      | Reached skill level 5 in Fighting
  3450 | D:4      | Noticed Natasha
  3451 | D:4      | Killed Natasha
  3460 | D:4      | Reached XP level 6. HP: 66/66 MP: 6/6
  3507 | D:4      | Reached skill level 5 in Maces & Flails
  3717 | D:4      | Noticed Natasha
  3719 | D:4      | Killed Natasha
  3840 | D:4      | Found a runed door.
  3995 | D:4      | Reached skill level 6 in Fighting
  4292 | D:4      | Noticed Natasha
  4293 | D:4      | Killed Natasha
  4313 | D:4      | Noticed CInkIbrahim's ghost (novice OpGl)
  4315 | D:4      | Killed CInkIbrahim's ghost
  4315 | D:4      | Reached skill level 7 in Fighting
  4315 | D:4      | Reached skill level 7 in Maces & Flails
  4315 | D:4      | Reached XP level 7. HP: 78/78 MP: 7/7
  4462 | D:4      | Noticed Crazy Yiuf
  4706 | D:5      | Entered Level 5 of the Dungeon
  4730 | D:5      | Reached skill level 8 in Fighting
  4751 | D:5      | Noticed a yak
  4751 | D:5      | Noticed a yak
  4752 | D:5      | Noticed a yak
  4809 | D:5      | Reached XP level 8. HP: 88/88 MP: 8/8
  4813 | D:5      | Noticed Edmund
  5269 | D:4      | Gained mutation: Armour fits poorly on your strangely shaped body. [potion of mutation]
  5269 | D:4      | Gained mutation: Your flesh is heat resistant. (rF+) [potion of mutation]
  5269 | D:4      | Gained mutation: You are weak. (Str -2) [potion of mutation]
  5282 | D:4      | Killed Edmund
  5282 | D:4      | Reached skill level 8 in Maces & Flails
  5726 | D:5      | Found Ducvi's Gadget Boutique.
  5739 | D:5      | Bought a wand of lightning (10/15) for 140 gold pieces
  6010 | D:5      | Reached skill level 9 in Fighting
  6131 | D:5      | Found a staircase to the Ecumenical Temple.
  6140 | Temple   | Entered the Ecumenical Temple
  6565 | D:5      | Noticed CInkIbrahim's ghost (amateur OpGl)
  6570 | D:5      | Killed CInkIbrahim's ghost
  6570 | D:5      | Reached skill level 9 in Maces & Flails
  6580 | D:5      | Killed a yak
  6581 | D:5      | Killed a yak
  6581 | D:5      | Reached skill level 10 in Fighting
  6607 | D:5      | Noticed a yak
  6725 | D:6      | Reached skill level 10 in Maces & Flails
  6725 | D:6      | Reached XP level 9. HP: 86/101 MP: 9/9
  7751 | D:6      | Found a stormy altar of Qazlal.
  7757 | D:6      | Found a glowing golden altar of the Shining One.
  7760 | D:6      | Found a sparkling altar of Nemelex Xobeh.
  7766 | D:6      | Found a sacrificial altar of Ru.
  7773 | D:6      | Found a white marble altar of Elyvilon.
  7778 | D:6      | Found an iron altar of Okawaru.
  7782 | D:6      | Found a burning altar of Makhleb.
  7909 | D:7      | Reached skill level 11 in Maces & Flails
  8413 | D:7      | Found Zir Zybiz's Jewellery Emporium.
  8793 | D:7      | Found a hazy altar of Hepliaklqana.
  8798 | D:7      | Became a worshipper of Hepliaklqana
  8902 | D:8      | MackTheKnife: Heyp
  8908 | D:8      | Sphara: HI
  8908 | D:8      | MackTheKnife: had the weirdest start on this guy
  8908 | D:8      | Sphara: ?
  8908 | D:8      | MackTheKnife: that flail-unique chased me down with a +0 flail of draining
  8908 | D:8      | Sphara: Edmund
  8908 | D:8      | MackTheKnife: was at literally 0 all skills when I killed him
  8918 | D:8      | Noticed Psyche
  8923 | D:8      | Killed Psyche
  8923 | D:8      | Reached skill level 12 in Maces & Flails
  9032 | D:8      | Noticed Erica
  9033 | D:8      | Sphara: Edmund changed that MiFE of mine. After I killed him, i had no trouble during the rest of the game
  9033 | D:8      | Sphara: he had dire flail of draining
  9033 | D:8      | MackTheKnife: hoho
  9046 | D:8      | Reached skill level 13 in Maces & Flails
  9290 | D:8      | Sphara: but i did not attack him
  9294 | D:8      | Sphara: i skipped the level
  9419 | D:8      | Sphara: came back with identified wand of lightning
  9419 | D:8      | MackTheKnife: sounds more level headed than my approach!
  9478 | D:8      | Killed Erica
  9478 | D:8      | Reached skill level 14 in Maces & Flails
  9478 | D:8      | Reached XP level 10. HP: 93/99 MP: 7/10
  9497 | D:8      | Sphara: haha!
  9499 | D:8      | MackTheKnife: ;)
  9537 | D:8      | Sphara: my old nethack highscore was Sphara
  9555 | D:8      | MackTheKnife: you good at any other roguelikes?
  9555 | D:8      | Sphara: so when i started online, I thought what the fuck, i'll take feminine playername
  9563 | D:8      | Sphara: well i've beaten nethack about 30 times
  9563 | D:8      | Sphara: and angband twice
  9563 | D:8      | MackTheKnife: sweet deals
  9563 | D:8      | MackTheKnife: I'm pretty much a roguelike newb, only decent at dcss
  9563 | D:8      | MackTheKnife: close to beating brogue
  9749 | D:8      | Reached * piety under Hepliaklqana
  9772 | D:8      | Sphara: i never got past dungeon level 4 in brogue
  9872 | D:8      | Sphara: less than 10 games played though
  9883 | D:8      | Sphara: wasnt my thing
  9883 | D:8      | MackTheKnife: what I like about is that the player is weak as shit most of the time
  9883 | D:8      | MackTheKnife: stealth matters
  9890 | D:9      | Found a staircase to the Lair.
  9917 | D:9      | Noticed Joseph
  9997 | D:9      | Reached skill level 15 in Maces & Flails
 10047 | D:9      | Sphara: invis wasted on joseph?
 10050 | D:9      | Sphara: whaaa?
 10050 | D:9      | MackTheKnife: hm?
 10058 | D:9      | Sphara: now i am imagining things
 10081 | D:9      | Sphara: thought i saw an invis potion :D
 10115 | D:9      | HP: 24/98 [something (5)]
 10119 | D:8      | HP: 10/98 [sky beast (5)]
 10121 | D:8      | Sphara: fear?
 10121 | D:8      | Sphara: could help
 10121 | D:8      | MackTheKnife: mmh, how much is that shock?
 10121 | D:8      | MackTheKnife: dont wanna waste stuff on this turdy monster
 10121 | D:8      | Sphara: too much for 10 HP
 10121 | D:8      | Sphara: fear is useless later
 10121 | D:8      | MackTheKnife: would that I could
 10121 | D:8      | Sphara: :/
 10121 | D:8      | MackTheKnife: blah
 10828 | D:9      | Found a blossoming altar of Fedhas.
 10831 | D:9      | Found Cyusuec's Jewellery Boutique.
 10841 | D:9      | Sphara: go buy the prot ring
 10841 | D:9      | Sphara: +4
 10879 | D:7      | Sphara: good one
 10879 | D:7      | MackTheKnife: yep
 10879 | D:7      | Bought a +4 ring of protection for 432 gold pieces
 10879 | D:7      | Sphara: more than doubles your AC :)
 10880 | D:7      | MackTheKnife: sickest ring
 11152 | D:8      | Sphara: use thw whip while drained
 11154 | D:9      | Sphara: its fast
 11155 | D:9      | Sphara: and prob kill monsters quicker than GSC
 11155 | D:9      | MackTheKnife: mmh, 1.2 is okay I suppose
 11299 | D:9      | Reached skill level 16 in Maces & Flails
 11435 | D:9      | Reached ** piety under Hepliaklqana
 11436 | D:9      | Remembered your ancestor Sphara as a battlemage
 11437 | D:9      | MackTheKnife: you were a battlemage
 11439 | D:9      | Sphara: at least monsters dont get 1.5 attacks every time now
 11456 | D:9      | Sphara: i was? :D
 11493 | D:9      | MackTheKnife: wow did they buff draining brand?
 11513 | D:9      | Sphara: it's always been strong
 11593 | D:9      | Sphara: about the best brand outside elec you can find early
 11655 | D:10     | Entered Level 10 of the Dungeon
 11704 | D:10     | MackTheKnife: never knew it was that good
 11704 | D:10     | MackTheKnife: also, you're doing good work here
 11704 | D:10     | MackTheKnife: wrecking them yaks
 11867 | D:10     | Sphara: i'm the bane of yaks
 11903 | D:10     | Sphara: well, i've never got killed by one :D
 11912 | D:10     | MackTheKnife: not even death yaks? ;>
 11956 | D:10     | Sphara: cloak?
 11956 | D:10     | Sphara: you got cloak
 11964 | D:10     | Reached XP level 11. HP: 71/107 MP: 11/11
 12070 | D:10     | Sphara: death yaks i don't remember
 12178 | D:10     | Sphara: sure as hell have had bad times with those
 12178 | D:10     | MackTheKnife: yeah crazy strong
 12178 | D:10     | MackTheKnife: also why is food still in the game
 12178 | D:10     | MackTheKnife: way too common
 12214 | D:10     | Found a staircase to the Orcish Mines.
 12216 | D:10     | Sphara: then.. why.. are you carrying 6 types of food? ;)
 12227 | D:10     | Found a roughly hewn altar of Beogh.
 12231 | D:10     | Reached skill level 17 in Maces & Flails
 12242 | D:10     | MackTheKnife: I'm a gourmand
 12242 | D:10     | MackTheKnife: only the best for ol' mack
 12323 | D:10     | Sphara: well it doesnt matter this early
 12395 | D:10     | Reached *** piety under Hepliaklqana
 12395 | D:10     | Sphara: later you only need one slot for food
 12818 | Orc:1    | Entered Level 1 of the Orcish Mines
 12831 | Orc:1    | Reached skill level 2 in Dodging
 12887 | Orc:1    | Sphara: your battlemage looks like me in the 90's. Red shirt, blue jeans.
 12893 | Orc:1    | MackTheKnife: Hahah, with your trusty pimp walking stick
 12897 | Orc:1    | Noticed an ogre mage
 12898 | Orc:1    | Noticed an orc sorcerer
 12999 | D:9      | Killed Joseph
 13013 | Lair:1   | Entered Level 1 of the Lair of Beasts
 13013 | Lair:1   | Noticed xvga's ghost (journeyman TeCj)
 13014 | Lair:1   | Sphara: ghost
 13014 | Lair:1   | Sphara: next to the entrance
 13014 | Lair:1   | MackTheKnife: TeCj might be ok
 13014 | Lair:1   | MackTheKnife: but on water
 13014 | Lair:1   | MackTheKnife: ughhhHH
 13014 | Lair:1   | Sphara: watch dazzling spray
 13014 | Lair:1   | Sphara: it does surprisngly high damage
 13014 | Lair:1   | MackTheKnife: at least those rats arent yaks
 13014 | Lair:1   | Sphara: when cast by a ghost
 13014 | Lair:1   | Sphara: combined with battlesphere :/
 13014 | Lair:1   | Sphara: does it have MR?
 13014 | Lair:1   | MackTheKnife: yea
 13014 | Lair:1   | MackTheKnife: 6% confuse
 13014 | Lair:1   | MackTheKnife: might just come back later
 13016 | D:9      | Sphara: do that
 13081 | D:11     | Reached skill level 11 in Fighting
 13110 | D:11     | Sphara: i never understood why that portal is called 'bailey'
 13113 | D:11     | MackTheKnife: same
 13137 | D:11     | Sphara: i don't even know what it means outside of sugary liquor
 13150 | D:11     | Reached skill level 3 in Dodging
 13331 | D:11     | Noticed a cyclops
 13440 | D:11     | Sphara: its near
 13442 | D:11     | Found a flagged portal.
 13490 | Bailey   | Entered a bailey
 13599 | Bailey   | MackTheKnife: must..not..kill myself with immolation..
 13599 | Bailey   | Sphara: this one is pretty rough with your AC
 13601 | Bailey   | Sphara: dont use it yet
 13639 | Bailey   | Sphara: this place has VERY good loot
 13646 | Bailey   | MackTheKnife: also orc knights!
 13675 | Bailey   | Reached skill level 4 in Dodging
 13889 | Bailey   | Reached **** piety under Hepliaklqana
 13898 | Bailey   | Sphara: knights are worth using immo
 13920 | Bailey   | Noticed an orc knight
 13920 | Bailey   | Sphara: assuming you can blast em
 13920 | Bailey   | MackTheKnife: will this actaully work?
 13920 | Bailey   | Sphara: yes
 13920 | Bailey   | MackTheKnife: got a large rock
 13922 | Bailey   | Noticed an orc knight
 13924 | Bailey   | Sphara: hmm
 13924 | Bailey   | MackTheKnife: might blow ?blink to get loot
 13924 | Bailey   | Sphara: any ranged attacks left?
 13930 | Bailey   | Noticed an orc knight
 13931 | Bailey   | Killed an orc knight
 13932 | Bailey   | MackTheKnife: nah
 13932 | Bailey   | MackTheKnife: wonder if I can just might it down
 13934 | Bailey   | Sphara: no you cannot
 13934 | Bailey   | Sphara: its flamed
 13934 | Bailey   | MackTheKnife: maybe just book it
 13934 | Bailey   | MackTheKnife: not the best odds of clearing this
 13934 | Bailey   | MackTheKnife: but the looot...
 13934 | Bailey   | Sphara: can you read id scrolls
 13934 | Bailey   | MackTheKnife: nope
 13934 | Bailey   | Sphara: hmm
 13934 | Bailey   | MackTheKnife: rF though
 13934 | Bailey   | Sphara: explosion does too much dmg
 13934 | Bailey   | MackTheKnife: also orc kngith with a halberd does too much ;)
 13947 | Bailey   | MackTheKnife: can you still stall by closing doors?
 13947 | Bailey   | MackTheKnife: maybe if I get you bacjk
 13947 | Bailey   | MackTheKnife: I can take it
 13958 | Bailey   | MackTheKnife: yolo
 13963 | Bailey   | HP: 21/110 [orc warrior/spear (19)]
 13985 | Bailey   | Noticed an orc knight
 13988 | Bailey   | Noticed an orc knight
 13988 | Bailey   | Noticed an orc knight
 13989 | Bailey   | MackTheKnife: hahah
 13989 | Bailey   | Sphara: shit
 13989 | Bailey   | MackTheKnife: is there an exit up there?
 13989 | Bailey   | Sphara: i do not know actually
 13989 | Bailey   | MackTheKnife: I think not
 13989 | Bailey   | Sphara: hw potions?
 13989 | Bailey   | Sphara: good
 13989 | Bailey   | MackTheKnife: 1 blink 3 hw
 13989 | Bailey   | MackTheKnife: why does everything have reach weapons..
 13989 | Bailey   | MackTheKnife: ohwell
 13989 | Bailey   | HP: 12/110 [orc knight/trident (16)]
 13990 | Bailey   | Slain by an orc knight

Vault maps used:
D:1:      sevenhm_arrival_forest_fort_small_6
D:3:      lemuel_upstairs_altar, first_bread, uniq_jessica
D:4:      st_stairs_8, uniq_crazy_yiuf_cottage, uniq_natasha
D:5:      serial_shops, shop, uniq_edmund
D:6:      grunt_temple_overflow_octagram, serial_aquarium,
          aquarium_bridge_square, aquarium_window_1, aquarium_window_fake,
          aquarium_view_2d, aquarium_pool_side, grunt_decor_fettered,
          grunt_ministairs_8
D:7:      kennysheep_little_box, serial_shops, nicolae_shop_behind_doors
D:8:      uniq_psyche, uniq_erica
D:9:      lemuel_crystal_altar, david_lair_shrubbed, serial_shops,
          nicolae_shop_stone, the_bakery, serial_bayou_lagoon_b, uniq_joseph
D:10:     minmay_orc_entry_temple_small
D:11:     enter_bailey_7
Temple:   hc_temple_tempest_star
Lair:1:   basic_altar, hangedman_lair_generics_rect,
          infiniplex_staircase_pool_2, serial_bayou_shore_b
Bailey:   bailey_polearm_5, bailey

Skill      XL: |  1  2  3  4  5  6  7  8  9 10 11 |
---------------+----------------------------------+-----
Fighting       | 3 4 5 7 8 10 11 | 11.9
Maces & Flails | 1 2 3 4 7 10 14 16 17 | 17.3
Dodging        | 4 |  4.4
Throwing       | |  4.6
Stealth        | |  0.7

Action                   |  1- 3 |  4- 6 |  7- 9 | 10-12 || total
-------------------------+-------+-------+-------+-------++-------
Melee: Short sword       |    13 |       |       |       ||    13
       Whip              |   117 |   186 |     2 |    38 ||   343
       Hand axe          |       |    12 |       |       ||    12
       Mace              |       |       |    34 |       ||    34
       Flail             |       |       |   104 |       ||   104
       Giant spiked club |       |       |    91 |   175 ||   266
Throw: Large rock        |     3 |    41 |    48 |     7 ||    99
       Throwing net      |     1 |     1 |       |       ||     2
Invok: Recall Ancestor   |       |       |     2 |       ||     2
       Ancestor Life: Ba |       |       |       |     1 ||     1
       Ancestor Identity |       |       |       |     1 ||     1
Evoke: Wand              |       |       |    16 |    13 ||    29
  Use: Scroll            |     1 |       |    18 |     6 ||    25
       Potion            |       |       |     5 |     2 ||     7
 Stab: Sleeping          |     1 |     2 |       |       ||     3
       Held in net/web   |       |     1 |       |       ||     1
       Distracted        |       |       |       |     2 ||     2
       Confused          |       |       |       |     2 ||     2
  Eat: Chunk             |     1 |    10 |    13 |    12 ||    36
       Beef jerky        |       |       |     2 |     1 ||     3
       Pizza             |       |       |       |     1 ||     1
Armor: Robe              |    52 |    73 |    66 |    42 ||   233
       Skin              |       |       |     6 |       ||     6
Dodge: Dodged            |    65 |    67 |   104 |   114 ||   350
Block: Shield            |     2 |    73 |    70 |       ||   145

Vault maps used:
D:1:      sevenhm_arrival_forest_fort_small_6
D:3:      lemuel_upstairs_altar, first_bread, uniq_jessica
D:4:      st_stairs_8, uniq_crazy_yiuf_cottage, uniq_natasha
D:5:      serial_shops, shop, uniq_edmund
D:6:      grunt_temple_overflow_octagram, serial_aquarium,
          aquarium_bridge_square, aquarium_window_1, aquarium_window_fake,
          aquarium_view_2d, aquarium_pool_side, grunt_decor_fettered,
          grunt_ministairs_8
D:7:      kennysheep_little_box, serial_shops, nicolae_shop_behind_doors
D:8:      uniq_psyche, uniq_erica
D:9:      lemuel_crystal_altar, david_lair_shrubbed, serial_shops,
          nicolae_shop_stone, the_bakery, serial_bayou_lagoon_b, uniq_joseph
D:10:     minmay_orc_entry_temple_small
D:11:     enter_bailey_7
Temple:   hc_temple_tempest_star
Lair:1:   basic_altar, hangedman_lair_generics_rect,
          infiniplex_staircase_pool_2, serial_bayou_shore_b
Bailey:   bailey_polearm_5, bailey

Table legend:
 A = Turns spent in this place as a percentage of turns spent in the entire game.
 B = Non-inter-level travel turns spent in this place as a percentage of non-inter-level travel turns spent in the entire game.
 C = Inter-level travel turns spent in this place as a percentage of turns spent in this place.
 D = Turns resting spent in this place as a percentage of non-inter-level travel turns spent in this place.
 E = Turns spent auto-exploring this place as a percentage of non-inter-level travel turns spent in this place.
 F = Non-inter-level travel turns spent in this place divided by the number of levels of this place that you've seen.
                   A       B       C       D       E      F
               +-------+-------+-------+-------+-------+----------------------
         Total | 100.0 | 100.0 |   0.8 |   2.1 |   3.0 | 363.8
       Dungeon |  90.9 |  90.8 |   0.8 |   2.1 |   3.1 | 450.6
        Temple |   1.9 |   1.9 |   0.9 |   3.8 |   6.7 | 105.0
          Lair |   0.3 |   0.3 |   0.0 |   0.0 |   0.0 |  16.0
  Orcish Mines |   1.7 |   1.7 |   0.0 |   0.0 |   1.1 |  92.0
        Bailey |   5.2 |   5.3 |   0.0 |   2.8 |   0.0 | 287.0
               +-------+-------+-------+-------+-------+----------------------

Table legend:
 A = Kills in this place as a percentage of kills in entire the game.
 B = Kills by you in this place as a percentage of kills by you in the entire game.
 C = Kills by friends in this place as a percentage of kills by friends in the entire game.
 D = Other kills in this place as a percentage of other kills in the entire game.
 E = Experience gained in this place as a percentage of experience gained in the entire game.
 F = Experience gained in this place divided by the number of levels of this place that you have seen.
                   A       B       C       D       E      F
               +-------+-------+-------+-------+-------+----------------------
         Total | 100.0 | 100.0 | 100.0 |  -nan | 100.0 | 940.8
       Dungeon |  86.7 |  89.3 |  73.5 |  -nan |  87.0 | 1116.6
        Temple |   0.3 |   0.4 |   0.0 |  -nan |   0.2 |  34.0
  Orcish Mines |   2.0 |   0.8 |   8.2 |  -nan |   3.0 | 427.0
        Bailey |  10.9 |   9.4 |  18.4 |  -nan |   9.7 | 1368.0
               +-------+-------+-------+-------+-------+----------------------
